Map: Prion Terraces

Players

PartinG

  • Race: Protoss Protoss
  • League: Platinum

Solar - Winner!

  • Race: Zerg Zerg
  • League: Diamond

Event: DreamHack ROCCAT LotV Championship

VOD

Have the link to the VOD?

Description

Time

  • Played on: Nov. 28, 2015, 3:03 p.m.
  • Length: 4:05

All games in this series

Show
View Real Time Build Order
Export as new Build Order

PartinG Protoss 

Build Orders:  

Get SALT Encoding   

  12  0:00  Probe (Chrono Boost)  
  13  0:11  Probe (Chrono Boost)  
  14  0:18  Pylon  
  14  0:23  Probe (Chrono Boost)  
  15  0:37  Probe (Chrono Boost)  
  15  0:39  Pylon  
  16  0:58  Gateway x2  
  16  1:06  Gateway  
  16  1:13  Probe (Chrono Boost)  
  17  1:23  Probe (Chrono Boost)  
  18  1:34  Probe (Chrono Boost)  
  19  1:45  Zealot (Chrono Boost)  
  23  1:50  Zealot (Chrono Boost)  
  23  1:51  Probe  
  26  1:57  Zealot (Chrono Boost)  
  26  2:09  Zealot (Chrono Boost)  
  30  2:17  Zealot (Chrono Boost)  
  30  2:23  Pylon  
  30  2:31  Nexus  
  30  2:43  Zealot (Chrono Boost)  
  36  2:45  Zealot (Chrono Boost)  
  36  2:46  Zealot (Chrono Boost)  
  36  2:47  Assimilator  
  36  2:58  Probe  
  36  3:00  Cybernetics Core  
  36  3:04  Assimilator  
  37  3:10  Zealot (Chrono Boost)  
  39  3:20  Pylon  
  39  3:35  Pylon  
  41  3:43  Mothership Core (Chrono Boost)  
Show
View Real Time Build Order
Export as new Build Order

Solar Zerg - Winner!

Build Orders: Hatch First 

Get SALT Encoding   

  12  0:00  Drone  
  13  0:12  Overlord  
  13  0:17  Drone  
  14  0:30  Drone x2  
  14  0:35  Drone  
  17  0:51  Hatchery  
  17  0:55  Drone  
  17  0:57  Drone  
  18  1:11  Extractor  
  17  1:13  Spawning Pool  
  17  1:16  Drone  
  17  1:21  Drone  
  18  1:28  Overlord  
  18  2:00  Queen, Zergling x6  
  23  2:02  Spine Crawler  
  23  2:04  Queen  
  24  2:09  Zergling x2  
  24  2:15  Metabolic Boost  
  25  2:18  Zergling x2  
  25  2:22  Zergling x2  
  27  2:26  Zergling x2  
  27  2:29  Zergling x2  
  29  2:34  Zergling x2  
  30  2:42  Zergling x2  
  31  2:48  Zergling x2  
  31  2:49  Zergling x2  
  32  2:54  Overlord  
  31  2:59  Zergling x2  
  31  3:05  Zergling x2  
  33  3:08  Zergling x2  
  33  3:11  Zergling x2  
  35  3:13  Zergling x2  
  35  3:14  Zergling x2  
  35  3:15  Zergling x2  
  35  3:16  Zergling x2  
  35  3:18  Zergling x2  
  35  3:19  Zergling x2  
  41  3:25  Overlord  
  41  3:32  Zergling x4  
  43  3:43  Zergling x4  

Tags
 
Add a new tag
Caveats
  • Supply blocks, unpowered buildings, or Contaminate may cause inaccurate times.
  • Supply counts are checked every 10 seconds.